 Dungeon Sprint DCSS version 0.27.1-33-g824d729ab1 (webtiles) character file.

Game seed: 13084336297712293560

1245 Adenis the Carver (level 8, 0/86 HPs)
             Began as a Minotaur Berserker on Dec 4, 2021.
             Was an Elder of Trog.
             Shot with an arrow by a centaur warrior (22 damage)
             ... in the Dungeon (Sprint I: "Red Sonja").
             The game lasted 00:01:46 (1142 turns).

Adenis the Carver (Minotaur Berserker)              Turns: 1142, Time: 00:01:47

Health: 0/86       AC:  2    Str: 23    XL:     8   Next: 25%
Magic:  7/7        EV: 14    Int:  4    God:    Trog [****..]
Gold:   405        SH:  0    Dex: 11    Spells: 7/7 levels left

rFire    . . .     SeeInvis .   a - +0 falchion
rCold    . . .     Faith    .   (no shield)
rNeg     . . .     Spirit   .   b - +0 animal skin
rPois    .         Reflect  .   (helmet restricted)
rElec    .         Harm     .   (no cloak)
rCorr    .         Rampage  .   (no gloves)
Will     .....     NoTele   +   (no boots)
Stlth    +.........             (no amulet)
HPRegen  0.24/turn              (no ring)
MPRegen  0.10/turn              (no ring)

@: very slow
A: horns 2, retaliatory headbutt
a: Renounce Religion, Berserk, Trog's Hand, Brothers in Arms


You were in the Dungeon.
You worshipped Trog.
Trog was greatly pleased with you.
You visited 1 branch You collected 405 gold pieces.

Inventory:

Hand Weapons
 a - a +0 falchion (weapon)
Armour
 b - a +0 animal skin (worn)
Scrolls
 h - a scroll of blinking
 i - a scroll of enchant weapon {unknown}
Potions
 c - 2 potions of curing
 d - a potion of heal wounds
 e - a potion of haste
 f - 2 potions of magic
 g - a potion of berserk rage


   Skills:
 + Level 13.3 Fighting
 + Level 13.6 Long Blades
 + Level 7.3 Armour
 + Level 7.4 Dodging
 + Level 1.2 Stealth


You had 7 spell levels left.
You didn't know any spells.
Your spell library was empty.

Dungeon Overview and Level Annotations

Branches:
Dungeon (1/1)

Altars:
Cheibriados
Dithmenos
Elyvilon
Fedhas
Gozag
Hepliaklqana
Kikubaaqudgha
Makhleb
Nemelex Xobeh
Okawaru
Qazlal
Ru
Sif Muna
Trog
Uskayaw
Vehumet
Wu Jian
Xom
Yredelemnul
Zin
The Shining One
Jiyva
Lugonu

Shops:
D =


Innate Abilities, Weirdness & Mutations

You have a pair of horns on your head.
You reflexively headbutt those who attack you in melee.


Message History

You feel a strong urge to attack something.
You are engulfed in a cloud of scalding steam.
You are no longer berserk.
You are exhausted.
You feel yourself slow down.
Things that are here:
a +0 dagger; a +0 robe; a kobold corpse You start resting.
You feel yourself speed up.
You start resting.
You recover from your berserk rage.
You start resting.
You start resting.
HP restored.
You start waiting.
You start waiting.
You start waiting.
Things that are here:
a +0 dagger; a +0 robe; a kobold skeleton
There is an open door here.
There is an open door here.
There is an open door here.
There is an open door here.
You see here 19 bolts.
There is an ornate altar of the Wu Jian Council here.
You open the door.
Found a leather armour.
There is an open door here.
You enter the shallow water.
Moving in this stuff is going to be slow.
Found a sedimented green potion.
The centaur warrior shouts! x2
The centaur warrior wields a +0 shortbow.
The centaur warrior shoots an arrow.
The arrow hits you!!
The centaur warrior wields a +0 longbow.
The centaur warrior shoots an arrow.
The arrow hits you!!
The centaur warrior shoots an arrow.
The arrow hits you!
* * * LOW HITPOINT WARNING * * *
The centaur warrior shoots an arrow.
The arrow hits you!!
You die...

#########################
<.#..)..#.)'..#__#..')..#
..').#..'..#..'..'..#.).#
..#####'#####'#__####...+
..####..#...#(####§§#####
..#__####..##.#§§§§c#
..#_____##'#_.§§@≈c§+
⌠⌠#_.∩...'..._#§§§§§#
###_..__##_.#'##+####
#_____###+#.# ####### ###


You could see 2 centaur warriors.

Vanquished Creatures
  2 kobold demonologists (D)
  A slime creature (D)
  Sigmund (D)
  A yak (D)
  A floating eye (D)
  An ogre (D)
  A jelly (D)
  Ijyb (D)
9 creatures vanquished.

Notes
Turn   | Place    | Note
-------+----------+-------------------------------------------
     0 | D        | Adenis the Minotaur Berserker began the quest for the Orb.
     0 | D        | Reached XP level 1. HP: 19/19 MP: 0/0
     2 | D        | Noticed Ijyb
     9 | D        | Killed Ijyb
    10 | D        | Reached skill level 5 in Fighting
    10 | D        | Reached skill level 5 in Long Blades
    10 | D        | Reached XP level 2. HP: 29/29 MP: 1/1
   149 | D        | Noticed an ogre
   153 | D        | Killed an ogre
   154 | D        | Reached XP level 3. HP: 40/40 MP: 2/2
   154 | D        | Reached XP level 4. HP: 48/48 MP: 3/3
   291 | D        | Noticed Sigmund
   299 | D        | Killed Sigmund
   299 | D        | Reached ** piety under Trog
   300 | D        | Reached skill level 10 in Long Blades
   300 | D        | Reached skill level 5 in Armour
   300 | D        | Reached skill level 5 in Dodging
   300 | D        | Reached XP level 5. HP: 58/58 MP: 4/4
   300 | D        | Reached XP level 6. HP: 66/66 MP: 5/5
   419 | D        | Found an ornate altar of the Wu Jian Council.
   419 | D        | Found a shimmering blue altar of Sif Muna.
   421 | D        | Found a radiant altar of Vehumet.
   427 | D        | Reached skill level 10 in Fighting
   577 | D        | Found a burning altar of Makhleb.
   577 | D        | Found a viscous altar of Jiyva.
   577 | D        | Found a shimmering altar of Xom.
   577 | D        | Found a corrupted altar of Lugonu.
   577 | D        | Noticed a slime creature
   585 | D        | Killed a slime creature
   628 | D        | Noticed a centaur warrior
   628 | D        | Noticed a centaur warrior
   650 | D        | Found Giliapt's Jewellery Emporium.
   650 | D        | Found an ancient bone altar of Kikubaaqudgha.
   650 | D        | Found a hazy altar of Hepliaklqana.
   650 | D        | Found a stormy altar of Qazlal.
   650 | D        | Found a hide-covered altar of Uskayaw.
   650 | D        | Found a blossoming altar of Fedhas.
   650 | D        | Found a bloodstained altar of Trog.
   650 | D        | Found an iron altar of Okawaru.
   650 | D        | Found a basalt altar of Yredelemnul.
   650 | D        | Found a glowing golden altar of the Shining One.
   650 | D        | Found a snail-covered altar of Cheibriados.
   650 | D        | Found a sacrificial altar of Ru.
   650 | D        | Found a glowing silver altar of Zin.
   650 | D        | Found a shadowy altar of Dithmenos.
   650 | D        | Found a white marble altar of Elyvilon.
   650 | D        | Noticed a yak
   655 | D        | Killed a yak
   655 | D        | Reached *** piety under Trog
   656 | D        | Reached XP level 7. HP: 75/75 MP: 6/6
   656 | D        | Found an opulent altar of Gozag.
   657 | D        | Found a sparkling altar of Nemelex Xobeh.
   764 | D        | Noticed a kobold demonologist
   764 | D        | Noticed a kobold demonologist
   765 | D        | Noticed a smoke demon
   774 | D        | Killed a kobold demonologist
   775 | D        | Reached skill level 1 in Stealth
   777 | D        | Killed a kobold demonologist
   777 | D        | Reached **** piety under Trog
   778 | D        | Reached XP level 8. HP: 81/86 MP: 7/7
  1142 | D        | Shot with an arrow by a centaur warrior

Illustrated notes

Levels and vault maps discovered:
D:        dungeon_sprint_1 [red_sonja_temple_1, red_sonja_temple_small_1]

Skill      XL: |  1  2  3  4  5  6  7 |
---------------+----------------------+-----
Fighting       | 5 7 9 11 13 | 13.3
Long Blades    | 5 7 10 12 13 | 13.6
Armour         | 3 4 5 6 7 |  7.3
Dodging        | 3 4 5 6 7 |  7.4
Stealth        | 1 |  1.2

Action                   |  1- 3 |  4- 6 |  7- 9 || total
-------------------------+-------+-------+-------++-------
Melee: Falchion          |     8 |    17 |    10 ||    35
       Headbutt          |     2 |     6 |     4 ||    12
Invok: Berserk           |     2 |     4 |     1 ||     7
Dodge: Dodged            |     4 |     3 |     4 ||    11
       Rpst.: Falchion   |     1 |       |     1 ||     2
